 Dungeon Crawl Stone Soup version 0.31-a0-150-g89dc3ad700 (webtiles) character file.

Game seed: 14230226214750499036

460 qw the Skirmisher (level 6, -7/53 HPs)
             Began as a Minotaur Hunter on June 8, 2023.
             Mangled by an ogre
             ... wielding a +0 giant club
              (21 damage)
             ... on level 4 of the Dungeon.
             The game lasted 00:01:23 (2909 turns).

qw the Skirmisher (Minotaur Hunter)                 Turns: 2909, Time: 00:01:23

Health: -7/53      AC:  6    Str: 16    XL:     6   Next: 78%
Magic:  5/5        EV: 11    Int:  6    God:
Gold:   156        SH:  0    Dex: 15    Spells: 5/5 levels left

rFire   . . .        Y - +0 shortbow
rCold   . . .        (shield currently unavailable)
rNeg    . . .        h - +0 ring mail
rPois   .            (helmet restricted)
rElec   .            (no cloak)
rCorr   +            c - +0 pair of gloves
SInv    .            (no boots)
Will    .....        g - amulet of regeneration
Stlth   +            i - ring of resist corrosion
HPRegen 1.08/turn    (no ring)
MPRegen 0.09/turn

%: no passive effects
@: no status effects
A: horns 2, retaliatory headbutt
a: no special abilities


You were on level 4 of the Dungeon.
You visited 1 branch of the dungeon, and saw 4 of its levels.
You also visited: Sewer.

You collected 156 gold pieces.


Innate Abilities, Weirdness & Mutations

You have a pair of horns on your head.
You reflexively headbutt those who attack you in melee.


   Skills:
 + Level 4.7 Fighting
 - Level 8.1 Ranged Weapons
 - Level 1.0 Armour
 - Level 2.1 Dodging
 - Level 0.7 Stealth


You had 5 spell levels left.
You didn't know any spells.
Your spell library was empty.

Inventory:

Hand Weapons
 Y - a +0 shortbow (weapon)
Armour
 c - a +0 pair of gloves (worn)
 h - a +0 ring mail (worn)
Jewellery
 g - an amulet of regeneration (around neck)
 i - a ring of resist corrosion (left hand)
Scrolls
 a - 3 scrolls of teleportation
 j - a scroll of identify
Potions
 b - a potion of resistance
 e - a potion of ambrosia {unknown}
 f - a potion of lignification {unknown}
 l - a potion of cancellation {unknown}

Dungeon Overview and Level Annotations

Branches:
Dungeon (4/15)              Sewer (visited)
 Temple: D:4-7

Altars:
Cheibriados

Annotations:
D:2 1 runed translucent door, Crazy Yiuf


Message History

The orc wizard hits you but does no damage.
The orc hits you with a +0 dagger. The orc wizard closely misses you.
The kobold hits you with a +0 dagger. The orc closely misses you.
The ogre barely misses you.
The orc wizard hits you but does no damage.
The orc hits you but does no damage. The kobold hits you but does no damage.
You feel less confused. The kobold hits you but does no damage.
The ogre barely misses you. The orc barely misses you. You furiously retaliate!
You headbutt the orc!
You kill the orc!
The orc wizard misses you.
You shoot an arrow. The arrow hits the orc wizard.
The orc wizard is severely wounded.
The orc wizard hits you but does no damage.
The kobold hits you with a +0 dagger.
You shoot an arrow.
The arrow closely misses the orc wizard.
The ogre hits you with a +0 giant club! The kobold hits you but does no damage.
The orc wizard points at you and mumbles some strange words.
You resist with some effort.
The hobgoblin hits you but does no damage.
You shoot an arrow.
The arrow hits the orc wizard but does no damage.
The orc wizard is severely wounded.
The orc wizard gestures wildly while chanting.
The orc wizard flickers and vanishes!
Deactivating autopickup; reactivate with Ctrl-A.
The kobold hits you with a +0 dagger.
The ogre hits you with a +0 giant club!!
The hobgoblin closely misses you. You furiously retaliate!
You headbutt the hobgoblin.
You kill the hobgoblin!
You shoot an arrow. The arrow hits the ogre.
The ogre is lightly wounded.
You hear some strange, mumbled words.
Something tries to affect you, but you resist.
The kobold hits you with a +0 dagger.
The ogre hits you with a +0 giant club!!
You die...

######## #### .......#
#.. ..####.# #.#
#..>##.#########.###
...#...............# #
.##.##.#####.......##.#
.......# #.###%.....#
.####### #.####o.#####
.# #.#.{@K.....# .#
#.#)##O.###.# .## ...
...# ..# ...# ..##
#.#### ....# #...
.....# .. #..# #.##.# .
#..# #..#.# .. ##.#.#


You could see an ogre, an orc and a kobold.

Vanquished Creatures
  2 bullfrogs (Sewer)
  A hound (D:4)
  A jelly (D:4)
  An orc priest (D:4)
  Jessica (D:2)
  A sleepcap (D:4)
  6 adders
  2 river rats (D:3)
  2 worms
  3 dart slugs
  3 orcs
  2 bats
  15 endoplasms
  9 giant cockroaches
  4 goblins
  9 hobgoblins
  3 jackals (D:2)
  6 quokkas
  12 ball pythons
  10 frilled lizards
  5 kobolds
  8 rats
106 creatures vanquished.

Notes
Turn   | Place    | Note
-------+----------+-------------------------------------------
     0 | D:1      | qw the Minotaur Hunter began the quest for the Orb.
     0 | D:1      | Reached XP level 1. HP: 18/18 MP: 0/0
     0 | D:1      | 0 ||| qw: Version: 0.2-a-120-gdf1a93b
     0 | D:1      | 0 ||| qw: Game counter: 2957
     0 | D:1      | 0 ||| qw: Always use a shield: true
     0 | D:1      | 0 ||| qw: God list: Okawaru
     0 | D:1      | 0 ||| qw: Allow faded altars: false
     0 | D:1      | 0 ||| qw: Do Orc after D:15 true
     0 | D:1      | 0 ||| qw: Do second Lair branch before Depths: true
     0 | D:1      | 0 ||| qw: Lair rune preference: random
     0 | D:1      | 0 ||| qw: Plans: Normal
     0 | D:1      | 0 ||| PLANNING D:1-11
   205 | D:1      | Reached XP level 2. HP: 25/25 MP: 1/1
   297 | D:1      | Reached skill level 5 in Ranged Weapons
   633 | D:1      | 633 ||| UPGRADING to +0 ring mail.
   643 | D:1      | 643 ||| DROPPING +0 leather armour.
   644 | D:1      | 644 ||| UPGRADING to amulet of regeneration.
   649 | D:1      | 649 ||| READING 4 scrolls labelled APTASA QELLAFO.
   654 | D:1      | 654 ||| READING scroll labelled RUBBIUXYUF.
   655 | D:1      | 655 ||| READING scroll labelled ROUTHO INULAE.
   656 | D:1      | 656 ||| DROPPING scroll of butterflies.
   658 | D:1      | 658 ||| Stepping ~*~*~tactically~*~*~ (cloud).
   743 | D:2      | Reached skill level 1 in Armour
   746 | D:2      | Reached skill level 3 in Fighting
   761 | D:2      | Reached XP level 3. HP: 31/31 MP: 2/2
   890 | D:2      | Noticed Jessica
   902 | D:2      | Killed Jessica
  1236 | D:2      | Reached XP level 4. HP: 38/38 MP: 3/3
  1554 | D:2      | Found a runed translucent door.
  1555 | D:2      | Noticed Crazy Yiuf
  1558 | D:2      | 1558 ||| READING 2 scrolls labelled JUIHES CATIUG.
  1559 | D:2      | 1559 ||| READING scroll labelled ULETUY LUIGUJISK.
  1560 | D:2      | 1560 ||| READING scroll labelled LAQECK MOFUSH.
  1561 | D:2      | 1561 ||| DRINKING 2 black potions.
  1562 | D:2      | 1562 ||| DROPPING scroll of fear.
  1591 | D:3      | 1591 ||| PLANNING SEWER
  1603 | D:3      | Reached skill level 6 in Ranged Weapons
  1763 | D:3      | Found a glowing drain.
  1764 | D:3      | 1764 ||| UPGRADING to +0 pair of gloves.
  1769 | D:3      | 1769 ||| READING scroll labelled ASETHE CODEECKYC.
  1770 | D:3      | 1770 ||| READING 2 scrolls of identify.
  1770 | D:3      | 1770 ||| IDENTIFYING bubbling dark potion
  1771 | D:3      | 1771 ||| DROPPING potion of degeneration.
  1776 | Sewer    | Entered a sewer
  1791 | Sewer    | 1791 ||| Stepping ~*~*~tactically~*~*~ (water).
  1808 | Sewer    | 1808 ||| Stepping ~*~*~tactically~*~*~ (water).
  1813 | Sewer    | 1813 ||| Stepping ~*~*~tactically~*~*~ (water).
  1830 | Sewer    | 1830 ||| Stepping ~*~*~tactically~*~*~ (water).
  1835 | Sewer    | Reached XP level 5. HP: 45/46 MP: 4/4
  1848 | Sewer    | 1848 ||| Stepping ~*~*~tactically~*~*~ (water).
  1872 | Sewer    | 1872 ||| Stepping ~*~*~tactically~*~*~ (water).
  1898 | Sewer    | 1898 ||| Stepping ~*~*~tactically~*~*~ (water).
  1909 | Sewer    | 1909 ||| Stepping ~*~*~tactically~*~*~ (water).
  1946 | Sewer    | 1946 ||| Stepping ~*~*~tactically~*~*~ (water).
  1955 | Sewer    | 1955 ||| Stepping ~*~*~tactically~*~*~ (water).
  1962 | Sewer    | 1962 ||| Stepping ~*~*~tactically~*~*~ (water).
  2002 | Sewer    | 2002 ||| Stepping ~*~*~tactically~*~*~ (water).
  2017 | Sewer    | 2017 ||| Stepping ~*~*~tactically~*~*~ (water).
  2030 | Sewer    | 2030 ||| Stepping ~*~*~tactically~*~*~ (water).
  2034 | Sewer    | 2034 ||| Stepping ~*~*~tactically~*~*~ (water).
  2036 | Sewer    | 2036 ||| Stepping ~*~*~tactically~*~*~ (water).
  2053 | Sewer    | 2053 ||| Stepping ~*~*~tactically~*~*~ (water).
  2057 | Sewer    | Reached skill level 7 in Ranged Weapons
  2064 | Sewer    | Reached XP level 6. HP: 50/52 MP: 5/5
  2087 | D:3      | 2087 ||| PLANNING D:1-11
  2274 | D:3      | Found a snail-covered altar of Cheibriados.
  2768 | D:3      | 2768 ||| READING scroll labelled ADOASH CA SEEX.
  2768 | D:3      | Identified a scroll of acquirement
  2768 | D:3      | 2768 ||| ACQUIRING ring of resist corrosion
  2768 | D:3      | Acquired a ring of resist corrosion
  2770 | D:3      | 2770 ||| UPGRADING to ring of resist corrosion.
  2771 | D:3      | 2771 ||| DRINKING 2 viscous amethyst potions.
  2878 | D:4      | Reached skill level 8 in Ranged Weapons
  2899 | D:4      | 2899 ||| DRINKING potion of curing.
  2899 | D:4      | 2899 ||| (to cure confusion)
  2909 | D:4      | Mangled by an ogre

Levels and vault maps discovered:
D:1:      dpeg_arrival_rooms_with_view, layout_loops_cross
D:2:      cheibrodos_helix_gallery, layout_basic, minmay_quantized,
          uniq_jessica, uniq_crazy_yiuf_cottage
D:3:      layout_loops_cross, slow_altar_1, portal_sewer_entry_e,
          chequers_serial_rivers_large_a, dk_noncrumbling_3,
          minmay_misc_feat_ornament
D:4:      layout_loops_cross, gammafunk_temple_overflow_statue, serial_aquarium,
          aquarium_bridge_square [aquarium_subvault_bridge,
          aquarium_subvault_bridge, aquarium_subvault_bridge,
          aquarium_subvault_window], aquarium_window_1, aquarium_window_2,
          aquarium_view_2e, aquarium_pool_split, nicolae_the_louvre,
          uniq_grinder

Skill      XL: |  1  2  3  4  5  6 |
---------------+-------------------+-----
Ranged Weapons | 5 6 7 8 |  8.1
Armour         | 1 |  1.0
Fighting       | 3 4 |  4.7
Dodging        | |  2.1
Stealth        | |  0.7

Action                     |  1- 3 |  4- 6 || total
---------------------------+-------+-------++-------
   Fire: Shortbow          |    98 |   218 ||   316
    Use: Scroll            |     3 |     6 ||     9
         Potion            |       |     3 ||     3
 Armour: Leather armour    |     6 |       ||     6
         Ring mail         |     2 |    51 ||    53
  Dodge: Dodged            |    14 |    90 ||   104

Table legend:
 A = Non-vault XP
 B = Vault XP
 C = Vault XP percentage of total XP
 D = Non-vault monster count
 E = Vault monster count
 F = Vault count percentage of total count
                 A         B        C        D         E       F
            +---------+---------+-------+---------+---------+-------
      Total |     273 |     385 |  58.5 |      49 |      57 |  53.8
            +---------+---------+-------+---------+---------+-------
        D:1 |      24 |       4 |  14.3 |      13 |       2 |  13.3
        D:2 |      28 |      49 |  63.6 |      14 |       7 |  33.3
        D:3 |      48 |      51 |  51.5 |      14 |       9 |  39.1
        D:4 |     173 |       0 |   0.0 |       8 |       0 |   0.0
      Sewer |       0 |     281 | 100.0 |       0 |      39 | 100.0
            +---------+---------+-------+---------+---------+-------
